 Dungeon Crawl Stone Soup version 0.31.0-11-ge490571c62 (webtiles) character file.

Game seed: 17226657874489414544

34 qw the Shooter (level 3, -1/18 HPs)
             Began as a Spriggan Hunter on Feb 5, 2024.
             Succumbed to their own poison gas
             ... on level 2 of the Dungeon.
             The game lasted 00:00:58 (1669 turns).

qw the Shooter (Spriggan Hunter)                    Turns: 1669, Time: 00:00:59

Health: -1/18      AC:  2    Str:  7    XL:     3   Next: 14%
Magic:  4/4        EV: 19    Int: 10    God:
Gold:   95         SH:  0    Dex: 20    Spells: 2/2 levels left

rFire   . . .        a - +0 shortbow
rCold   . . .        (shield currently unavailable)
rNeg    . . .        c - +0 robe
rPois   .            (helmet restricted)
rElec   .            (no cloak)
rCorr   .            (gloves unavailable)
SInv    +            (boots unavailable)
Will    .....        (no amulet)
Stlth   ++           (no ring)
HPRegen 0.23/turn    (no ring)
MPRegen 0.09/turn

%: no passive effects
@: lethally poisoned (-1 -> -6), very quick
A: very small, no large weapons, unfitting armour, see invisible, speed 3
a: no special abilities


You were on level 2 of the Dungeon.
You visited 1 branch of the dungeon, and saw 2 of its levels.

You collected 95 gold pieces.


Innate Abilities, Weirdness & Mutations

You are very small and have problems with some larger weapons.
You are too small for most types of armour.
You have supernaturally acute eyesight. (SInv)
You cover ground extremely quickly. (Speed+++)


   Skills:
 - Level 1.5 Fighting
 + Level 4.5 Ranged Weapons
 - Level 4.0 Dodging
 - Level 1.5 Stealth


You had 2 spell levels left.
You didn't know any spells.
Your spell library was empty.

Inventory:

Hand Weapons
 a - a +0 shortbow (weapon)
Armour
 c - a +0 robe (worn)
Scrolls
 g - a scroll of teleportation
Potions
 d - a potion of haste
 h - a potion of heal wounds
 k - a potion of might

Dungeon Overview and Level Annotations

Branches:
Dungeon (2/15)

Altars:

Shops:
D:1 [

Annotations:
D:2 1 runed translucent door, Crazy Yiuf


Message History

Crazy Yiuf says, "Goldfish tired chair!"
Done waiting.
Could not explore, unopened runed door.
1660 ||| READING scroll labelled YTIUGIU ZERA.
The air fills with toxic fumes!
As you read the scroll labelled YTIUGIU ZERA, it crumbles to dust.
It was a scroll of poison.
Could not explore, unopened runed door.
1661 ||| READING scroll labelled NEAXINL SEOPPI.
As you read the scroll labelled NEAXINL SEOPPI, it crumbles to dust.
It is a scroll of enchant armour.
1661 ||| ENCHANTING +0 shortbow.
Could not explore, unopened runed door.
1662 ||| READING scroll labelled AKLAMAS NINIU.
As you read the scroll labelled AKLAMAS NINIU, it crumbles to dust.
It is a scroll of amnesia.
You feel forgetful for a moment.
Could not explore, unopened runed door.
What level of the Dungeon? (default 2, ? - help) Sorry, I don't know how to get there.
Enter note:
Enter note:
Enter note:
Enter note:
Enter note:
Enter note: You are engulfed in poison gas.
You are lethally poisoned!
You feel very sick.
1664 ||| Stepping ~*~*~tactically~*~*~ (cloud).
You feel very sick.
There is a lethal amount of poison in your body!
You feel very sick.
Crazy Yiuf cries, "Rifle!"
There is a lethal amount of poison in your body!
You feel very sick.
There is a lethal amount of poison in your body!
You feel sick.
There is a lethal amount of poison in your body!
You feel sick.
There is a lethal amount of poison in your body!
You die...

#.# #.# #.####.###.##.
#.# #.# #.# #..#.###.
######.# #.# #.#
##.#.## ## .......##
### ### #..### #
######..# ####
#.###77777
#.##...7ยค777 ###
######.......7007#...#
#
............7777@+g..#
### ######..#..77
77#..)# #..
######.###77 ### #.#
........# #.#
.......## #.. #.###.>#
### ### ### #.# #..#
#.# #.# ## #)###.##
#.# #.# #. #.<...#
##.## ########.# ####.


You could see Crazy Yiuf.

Vanquished Creatures
  A dart slug (D:1)
  5 endoplasms
  2 giant cockroaches
  3 goblins (D:2)
  4 jackals (D:2)
  A quokka (D:2)
  3 ball pythons
  3 bats
  4 frilled lizards
  A kobold (D:1)
  4 rats
31 creatures vanquished.

Notes
Turn   | Place    | Note
-------+----------+-------------------------------------------
     0 | D:1      | qw the Spriggan Hunter began the quest for the Orb.
     0 | D:1      | Reached XP level 1. HP: 10/10 MP: 2/2
     0 | D:1      | 0 ||| qw: Version: 0.3-a-160-g6735b56
     0 | D:1      | 0 ||| qw: Game counter: 6378
     0 | D:1      | 0 ||| qw: Melee chars always use a shield: true
     0 | D:1      | 0 ||| qw: God list: Okawaru
     0 | D:1      | 0 ||| qw: Allow faded altars: false
     0 | D:1      | 0 ||| qw: Do Orc after clearing Dungeon:15 true
     0 | D:1      | 0 ||| qw: Do second Lair branch before Depths: true
     0 | D:1      | 0 ||| qw: Lair rune preference: random
     0 | D:1      | 0 ||| qw: Goals: Normal
     0 | D:1      | 0 ||| PLANNING D:1-11
   179 | D:1      | Reached skill level 3 in Dodging
   257 | D:1      | Reached XP level 2. HP: 14/14 MP: 3/3
   265 | D:1      | Found Qeybb's Armour Boutique.
   451 | D:1      | Found a faded altar of an unknown god.
   689 | D:1      | 689 ||| READING 3 scrolls labelled WOACELILAM.
   689 | D:1      | 689 ||| IDENTIFYING ruby potion
   690 | D:1      | 690 ||| READING 2 scrolls of identify.
   690 | D:1      | 690 ||| IDENTIFYING brown potion
   691 | D:1      | 691 ||| READING scroll of identify.
   691 | D:1      | 691 ||| IDENTIFYING orange potion
   692 | D:1      | 692 ||| READING scroll labelled JEHYFI FUORPH.
   793 | D:1      | 793 ||| READING scroll labelled FAIGUOS ZONTYA.
   796 | D:1      | 796 ||| DROPPING scroll of butterflies.
   797 | D:1      | 797 ||| DROPPING potion of attraction.
  1072 | D:2      | Reached XP level 3. HP: 18/18 MP: 4/4
  1099 | D:2      | Found a runed translucent door.
  1100 | D:2      | Noticed Crazy Yiuf
  1558 | D:2      | 1558 ||| READING scroll of identify.
  1558 | D:2      | 1558 ||| IDENTIFYING white potion
  1559 | D:2      | 1559 ||| READING scroll labelled NAPSUSTR XOMN.
  1660 | D:2      | 1660 ||| READING scroll labelled YTIUGIU ZERA.
  1661 | D:2      | 1661 ||| READING scroll labelled NEAXINL SEOPPI.
  1661 | D:2      | 1661 ||| ENCHANTING +0 shortbow.
  1662 | D:2      | 1662 ||| READING scroll labelled AKLAMAS NINIU.
  1664 | D:2      | 1664 ||| Stepping ~*~*~tactically~*~*~ (cloud).
  1667 | D:2      | HP: 3/18 [poisoned by you (poison gas)]
  1668 | D:2      | HP: 1/18 [poisoned by you (poison gas)]
  1669 | D:2      | Succumbed to their own poison gas

Levels and vault maps discovered:
D:1:      dpeg_arrival_leaves_temple_mockup, layout_loops_ring, serial_shops,
          shop, hellmonk_ecumenical_altar_zigzags, serial_bayou_pond_a,
          grunt_decor_arrowhead
D:2:      layout_loops_ring, uniq_crazy_yiuf_cottage

Skill      XL: |  1  2 |
---------------+-------+-----
Dodging        | 3 4 |  4.0
Fighting       | |  1.5
Ranged Weapons | |  4.5
Stealth        | |  1.5

Action                     || total
---------------------------++-------
   Fire: Shortbow          ||    69
    Use: Scroll            ||    10
 Armour: Robe              ||     5
  Dodge: Dodged            ||    25

Table legend:
 A = Non-vault XP
 B = Vault XP
 C = Vault XP percentage of total XP
 D = Non-vault monster count
 E = Vault monster count
 F = Vault count percentage of total count
                 A         B        C        D         E       F
            +---------+---------+-------+---------+---------+-------
      Total |      49 |       0 |   0.0 |      31 |       0 |   0.0
            +---------+---------+-------+---------+---------+-------
        D:1 |      23 |       0 |   0.0 |      15 |       0 |   0.0
        D:2 |      26 |       0 |   0.0 |      16 |       0 |   0.0
            +---------+---------+-------+---------+---------+-------
